cohdb
Replays
Latest Replays
All Replays
Popular Replays
Top Player Replays
Match Explorer
How It Works
Community
CoH3 Stats
Reddit
Sign in to upload your games and track your stats! →
Sign in with Steam
Match 41208777
Unlisted
Match 41208777
Overview
Messages
Build Orders
End
Construct Barracks
Riflemen Squad
Selects Armored Battlegroup
Selects Veteran Crews
1⁄4-ton 4x4 Truck
Riflemen Squad
Riflemen Squad
Riflemen Squad
Mechanized Support Center
Grenade Package
Construct Motor Pool
M8 Greyhound Armored Car
Selects Fast Deploy
Selects Field Repairs
Engineer Squad
Field Repairs
M8 Greyhound Armored Car
Designate Forward Repair Station
M3 75 mm Gun Motor Carriage
M24 Chaffee Light Tank
Selects Seek and Destroy
Field Repairs
neelkoos
(502) Bad Gateway
0
0
Comments
sign in to comment!
No comments posted yet!